[Event "45th FIDE Olympiad 2024"]
[Site "Budapest"]
[Date "2024.09.18"]
[Round "7.21"]
[White "Mahamat, Hachim Bachar"]
[Black "Gabriel, Davidson"]
[Result "0-1"]
[WhiteElo "1872"]
[BlackElo "2043"]
[PlyCount "90"]
[EventDate "2024.09.05"]
[EventType "team-tourn"]
[EventCountry "HUN"]
[WhiteTeam "Chad"]
[BlackTeam "Haiti"]
[WhiteTeamCountry "CHD"]
[BlackTeamCountry "HAI"]
[TimeControl "40/5400+30:1800+30"]

1. e4 c5 2. g3 d5 3. Bg2 dxe4 4. Bxe4 Nf6 5. Bg2 Nc6 6. Ne2 h5 7. d3 h4 8. Bg5 h3 9. Bf3 Ne5 10. Nf4 Qd4 11. Nc3 Nxf3+ 12. Qxf3 Qe5+ 13. Ne4 Nxe4 14. Qxe4 Qxg5 15. Nd5 Kd8 16. Ne3 Qg6 17. Qd5+ Kc7 18. Qxc5+ Qc6 19. Nd5+ Kb8 20. Qxc6 bxc6 21. Nb4 Kc7 22. d4 e5 23. Nd3 exd4 24. O-O Bf5 25. Rad1 Bd6 26. Ne1 c5 27. b4 Rhe8 28. bxc5 Bxc5 29. Nd3 Bxd3 30. Rxd3 Re2 31. c3 Rxa2 32. cxd4 Bb6 33. g4 Rh8 34. f4 Rg2+ 35. Kh1 Rxg4 36. d5 Rh6 37. Rc1+ Kd7 38. f5 Rh5 39. d6 Rhg5 40. Rdd1 Rg1+ 41. Rxg1 Rxg1+ 42. Rxg1 Bxg1 43. Kxg1 Kxd6 44. Kf2 a5 45. Kg3 a4 {0-} 0-1

[Event "45th FIDE Olympiad 2024"]
[Site "Budapest"]
[Date "2024.09.18"]
[Round "7.22"]
[White "Howell, David W L"]
[Black "Sargsyan, Shant"]
[Result "1/2-1/2"]
[ECO "C88"]
[WhiteElo "2677"]
[BlackElo "2649"]
[Annotator "RC"]
[PlyCount "115"]
[EventDate "2024.09.05"]
[EventType "team-tourn"]
[EventCountry "HUN"]
[SourceTitle "playchess.com"]
[Source "ChessBase"]
[SourceQuality "1"]
[WhiteTeam "England"]
[BlackTeam "Armenia"]
[WhiteTeamCountry "ENG"]
[BlackTeamCountry "ARM"]
[TimeControl "40/5400+30:1800+30"]

1. e4 e5 2. Nf3 Nc6 3. Bb5 a6 4. Ba4 Nf6 5. O-O Be7 6. Re1 b5 7. Bb3 O-O 8. a4 b4 9. d3 d6 10. Nbd2 Na5 11. Ba2 c5 12. c3 Rb8 13. d4 Qc7 14. dxe5 dxe5 15. Nc4 b3 16. Nxa5 bxa2 17. Nc4 Be6 18. Qe2 Nd7 19. Rxa2 Nb6 20. Nfd2 Rfd8 21. Ra3 a5 22. b3 Nxc4 23. Nxc4 h6 24. h3 Rb7 25. Be3 Rdb8 26. Rb1 Bf8 27. Rb2 Be7 28. Rb1 Bf8 29. Rb2 Be7 30. Kh1 Bf8 31. Qf1 Be7 32. Qe2 Bf8 33. Qf1 Be7 34. f3 Bf8 35. Qe2 Kh8 36. Qf1 Kg8 37. Qe2 Kh8 38. Bg1 Kh7 39. Qf1 Kh8 40. Qe2 Kh7 41. Qf1 Kh8 42. Bf2 Kh7 43. Qe2 Kh8 44. Qf1 Kh7 45. Qe2 Kh8 46. Kg1 Kh7 47. Qf1 Kh8 48. Qe2 Kh7 49. g4 Be7 50. Kg2 Bg5 51. Rb1 Bf4 52. Bg3 Kg8 53. h4 g6 54. Kf2 Kh7 55. Kg2 Kg8 56. Kf2 Kh7 57. Kg2 Kg8 58. Bf2 1/2-1/2

[Event "45th FIDE Olympiad 2024"]
[Site "Budapest"]
[Date "2024.09.18"]
[Round "7.22"]
[White "Etienne, Angelo"]
[Black "Abdelaziz Bokhit, Badjoiri"]
[Result "1-0"]
[WhiteElo "2122"]
[BlackElo "1778"]
[PlyCount "65"]
[EventDate "2024.09.05"]
[EventType "team-tourn"]
[EventCountry "HUN"]
[WhiteTeam "Haiti"]
[BlackTeam "Chad"]
[WhiteTeamCountry "HAI"]
[BlackTeamCountry "CHD"]
[TimeControl "40/5400+30:1800+30"]

1. Nf3 d5 2. g3 Nf6 3. Bg2 e6 4. O-O Be7 5. d3 O-O 6. Nbd2 Re8 7. c4 d4 8. Nb3 c5 9. e3 Nc6 10. exd4 cxd4 11. Re1 Bd6 12. a3 e5 13. Bg5 h6 14. Bxf6 Qxf6 15. Nfxd4 Nxd4 16. Nxd4 Bc5 17. Nf3 a5 18. d4 Bd6 19. dxe5 Bxe5 20. Qd5 Bg4 21. Nxe5 Rxe5 22. Qxe5 Qb6 23. Qe4 Be6 24. Qxb7 Qxb7 25. Bxb7 Rb8 26. Bd5 Bh3 27. c5 Rxb2 28. c6 Rd2 29. Bg2 Be6 30. c7 Rc2 31. Rac1 Ra2 32. Rxe6 fxe6 33. c8=Q+ 1-0

[Event "45th FIDE Olympiad 2024"]
[Site "Budapest"]
[Date "2024.09.18"]
[Round "7.23"]
[White "Sargissian, Gabriel"]
[Black "Adams, Michael"]
[Result "1/2-1/2"]
[ECO "D02"]
[WhiteElo "2646"]
[BlackElo "2661"]
[Annotator "TA"]
[PlyCount "60"]
[EventDate "2024.09.05"]
[EventType "team-tourn"]
[EventCountry "HUN"]
[SourceTitle "playchess.com"]
[Source "ChessBase"]
[SourceQuality "1"]
[WhiteTeam "Armenia"]
[BlackTeam "England"]
[WhiteTeamCountry "ARM"]
[BlackTeamCountry "ENG"]
[TimeControl "40/5400+30:1800+30"]

1. Nf3 d5 2. g3 Nd7 3. d4 Nb6 4. Nc3 Bf5 5. Nh4 Bg4 6. Qd3 e6 7. e4 Be7 8. h3 {[%emt 0:05:31] White is slightly better.} Bh5 9. Ng2 Bg6 10. Nf4 dxe4 11. Nxe4 Bf5 12. g4 Bxe4 13. Qxe4 c6 14. c3 Nf6 15. Qe2 Nfd5 16. Nd3 a5 17. a4 O-O 18. Bg2 Rc8 19. O-O c5 20. dxc5 Bxc5 21. Nf4 Qc7 22. Nxd5 Nxd5 23. Rd1 b6 24. Rd3 Nf4 25. Bxf4 {[%emt 0:00:37] The position is equal.} Qxf4 26. Qd2 Qxd2 27. Rxd2 Rcd8 28. Rad1 Rxd2 29. Rxd2 g5 30. Kf1 Kg7 {[%emt 0:02:55] A rather calm draw.   Weighted Error Value: White=0.07 (flawless) /Black=0.03 (flawless) .  Inaccurate:     	White=2     	---        OK:         	White=11    	Black=14} 1/2-1/2

[Event "45th FIDE Olympiad 2024"]
[Site "Budapest"]
[Date "2024.09.18"]
[Round "7.23"]
[White "Adam, Jamal"]
[Black "Victor, Wyclef"]
[Result "1-0"]
[WhiteElo "2013"]
[BlackElo "1924"]
[PlyCount "141"]
[EventDate "2024.09.05"]
[EventType "team-tourn"]
[EventCountry "HUN"]
[WhiteTeam "Chad"]
[BlackTeam "Haiti"]
[WhiteTeamCountry "CHD"]
[BlackTeamCountry "HAI"]
[TimeControl "40/5400+30:1800+30"]

1. e4 c5 2. Nf3 Nc6 3. d4 cxd4 4. Nxd4 Nf6 5. Nc3 d6 6. Be2 g6 7. Be3 Bg7 8. Qd2 O-O 9. O-O-O Qa5 10. Nb3 Qc7 11. h4 Be6 12. h5 Rfc8 13. hxg6 fxg6 14. Bh6 Bh8 15. f4 Na5 16. Kb1 Nc4 17. Bxc4 Qxc4 18. f5 Bf7 19. Qf4 d5 20. Rd4 Qc6 21. e5 Ne4 22. Nxe4 Qxc2+ 23. Ka1 dxe4 24. Rd2 Qc6 25. e6 Be8 26. Re2 Qb5 27. fxg6 Bxg6 28. Rf2 Bf6 29. g4 Qe5 30. Rhf1 Qxe6 31. g5 Bg7 32. Bxg7 Kxg7 33. Nd4 Qd5 34. Qe3 Rf8 35. Qc3 Kg8 36. b3 Rxf2 37. Rxf2 Rd8 38. Nc2 Qxg5 39. Ne3 Qb5 40. Nc4 Rd1+ 41. Kb2 Rb1+ 42. Kxb1 e3+ 43. Rc2 Qc5 44. Qxe3 Qxe3 45. Nxe3 h5 46. Kc1 Bxc2 47. Kxc2 Kf7 48. Kd3 Ke6 49. Ke4 b6 50. Nf5 Kf6 51. Kf4 e6 52. Nh4 a6 53. Nf3 b5 54. Ke4 Ke7 55. Ke5 Kd7 56. b4 Ke7 57. a3 Kd7 58. Nh4 Ke7 59. Ng6+ Kf7 60. Nf4 h4 61. Nxe6 Kg6 62. Kf4 Kf6 63. Nc5 h3 64. Kg3 Ke5 65. Nxa6 Kd6 66. Kxh3 Kc6 67. Kg3 Kb7 68. Nc5+ Kc6 69. Kf4 Kd5 70. Na6 Kc4 71. Ke4 1-0

[Event "45th FIDE Olympiad 2024"]
[Site "Budapest"]
[Date "2024.09.18"]
[Round "7.24"]
[White "Jones, Gawain C B"]
[Black "Hovhannisyan, Robert"]
[Result "1/2-1/2"]
[ECO "A21"]
[WhiteElo "2646"]
[BlackElo "2619"]
[Annotator "TA"]
[PlyCount "93"]
[EventDate "2024.09.05"]
[EventType "team-tourn"]
[EventCountry "HUN"]
[SourceTitle "playchess.com"]
[Source "ChessBase"]
[SourceQuality "1"]
[WhiteTeam "England"]
[BlackTeam "Armenia"]
[WhiteTeamCountry "ENG"]
[BlackTeamCountry "ARM"]
[TimeControl "40/5400+30:1800+30"]

1. c4 e5 2. Nc3 Bb4 3. Nd5 Be7 4. Nf3 d6 5. g3 Nf6 6. Nc3 {[%emt 0:00:13] A21: English Opening: 1...e5 2 Nc3.} c5 7. Bg2 Nc6 8. d3 h6 9. O-O $146 ({Predecessor:} 9. Nd2 Be6 10. Nd5 Qd7 11. Nb1 Bd8 12. h3 O-O 13. Nbc3 Rb8 14. Bd2 a6 15. a4 {½-½ Martirosyan,H (2675)-Hovhannisyan,R (2596) Jermuk Avagyan Memorial 2023 (1)}) 9... Be6 10. e4 Qd7 11. Nd5 Bg4 12. Ne3 h5 13. Bd2 Nh7 14. a3 Bg5 {[%emt 0:19:30] [#]} (14... h4 $11 {keeps the balance.}) 15. Nxg4 $1 $16 Bxd2 16. Ngxe5 dxe5 17. Qxd2 O-O-O 18. b4 f6 19. Qe3 Nd4 20. Nxd4 Qxd4 21. Rfd1 ({And not} 21. bxc5 Qxe3 22. fxe3 Rxd3 $15) 21... h4 22. Qxd4 Rxd4 23. bxc5 (23. Bh3+ $16 Kb8 24. Bf5 (24. bxc5 hxg3 25. hxg3 Ng5 $16) (24. gxh4 Nf8 $11)) 23... hxg3 $11 24. fxg3 Rhd8 25. Bf1 Ng5 26. Rdb1 Nf3+ (26... Kc7 $1 $11) 27. Kf2 (27. Kg2 $14 Nd2 28. Rb5 Nxf1 29. Rxf1 Rxd3 30. Rfb1 Rxa3 31. Rxb7) 27... Nd2 $1 $11 28. Rb4 Nxf1 29. Rxf1 Rxd3 30. Rfb1 Rxa3 31. R1b2 Rd7 32. c6 $1 bxc6 33. Rb8+ Kc7 34. R2b7+ Kd6 35. c5+ Ke7 36. Rxd7+ Kxd7 37. Rb7+ Ke6 38. Rxg7 Ra2+ 39. Kf3 Rxh2 40. Rc7 Rc2 41. Rxc6+ Kf7 42. Kg4 a5 43. Ra6 Kg6 44. Rxa5 Rc3 45. Rb5 Re3 46. Rb4 Rc3 47. Rb5 1/2-1/2

[Event "45th FIDE Olympiad 2024"]
[Site "Budapest"]
[Date "2024.09.18"]
[Round "7.24"]
[White "Guillaume, Jude Mirvens"]
[Black "Hassaballa, Ahmed Hassaballa"]
[Result "1-0"]
[WhiteElo "1956"]
[BlackElo "1902"]
[PlyCount "97"]
[EventDate "2024.09.05"]
[EventType "team-tourn"]
[EventCountry "HUN"]
[WhiteTeam "Haiti"]
[BlackTeam "Chad"]
[WhiteTeamCountry "HAI"]
[BlackTeamCountry "CHD"]
[TimeControl "40/5400+30:1800+30"]

1. d4 Nf6 2. c4 c5 3. d5 e6 4. Nc3 d6 5. e4 Be7 6. Bd3 O-O 7. Nge2 exd5 8. exd5 Nbd7 9. Bc2 Ne5 10. b3 a6 11. O-O Re8 12. f4 Ng6 13. Bb2 Bf8 14. h3 Bd7 15. Qd3 Qe7 16. Rf3 Nh4 17. Rg3 Bf5 18. Qd2 Bxc2 19. Qxc2 Ng6 20. Qf5 Rab8 21. a4 Qd7 22. Qxd7 Nxd7 23. Kf2 Nf6 24. Re3 Rxe3 25. Kxe3 Re8+ 26. Kf3 Nh4+ 27. Kf2 h5 28. Rg1 Nf5 29. g4 hxg4 30. hxg4 Ne3 31. g5 Nd7 32. Ng3 f5 33. Kf3 Nc2 34. Nxf5 Nd4+ 35. Nxd4 cxd4 36. Ne4 Nc5 37. Re1 Rc8 38. Nxc5 dxc5 39. Re6 Rd8 40. Ke4 Bd6 41. f5 Kf7 42. a5 Bc7 43. Ba3 Bd6 44. Bc1 Bc7 45. Bd2 Rh8 46. d6 Bd8 47. g6+ Kf8 48. d7 Be7 49. Bg5 1-0

[Event "45th FIDE Olympiad 2024"]
[Site "Budapest"]
[Date "2024.09.18"]
[Round "7.25"]
[White "Vachier-Lagrave, Maxime"]
[Black "Mchedlishvili, Mikheil"]
[Result "1-0"]
[ECO "D12"]
[WhiteElo "2731"]
[BlackElo "2574"]
[Annotator "TA"]
[PlyCount "91"]
[EventDate "2024.09.05"]
[EventType "team-tourn"]
[EventCountry "HUN"]
[SourceTitle "playchess.com"]
[Source "ChessBase"]
[SourceQuality "1"]
[WhiteTeam "France"]
[BlackTeam "Georgia"]
[WhiteTeamCountry "FRA"]
[BlackTeamCountry "GEO"]
[TimeControl "40/5400+30:1800+30"]

1. c4 c6 2. d4 d5 3. Nf3 Nf6 4. e3 Bf5 5. Nc3 e6 6. Nh4 Be4 7. f3 Bg6 8. Bd2 Be7 9. Nxg6 hxg6 {[%emt 0:00:08] The position is equal.} 10. Qc2 a6 11. O-O-O dxc4 12. Bxc4 b5 13. Be2 Nbd7 14. Kb1 c5 $1 {[%emt 0:06:45] [#]} 15. d5 $1 exd5 16. Bc1 Nb6 17. g4 $1 b4 {[%emt 0:07:49] [#]} 18. Nxd5 Nfxd5 19. e4 Nc3+ 20. bxc3 Qc8 21. cxb4 O-O $1 22. Be3 Qb7 23. Bxc5 Bxc5 24. bxc5 Nd5+ (24... Rfc8 $11 25. Qb2 Rxc5) 25. Ka1 $16 Ne3 26. Qb1 Qc7 (26... Qe7 $16 {was called for.} 27. Rc1 Rfc8) 27. Rc1 $18 Rfd8 28. Qb3 Qf4 29. Qc3 {[%emt 0:00:20] Prevents Rd2. Black must now prevent h4.} Rac8 30. Bd1 (30. Bxa6 $6 Ra8 31. Bd3 Qxf3 $16) (30. h4 $18) 30... Rc7 31. Bb3 Rdc8 32. Qd4 {[%emt 0:00:55] Hoping for Rc3.} Qxf3 33. Rhe1 $36 {[%emt 0:00:04][%mdl 2048] Black is under strong pressure.} Ng2 34. Rf1 Qe3 35. Rcd1 {[%emt 0:02:39][%cal Bc1d1,Bd1d4,Bd4d7,Bd7f7,Bf7f3][%mdl 32] aiming for Rf2. Really sharp!} g5 {[%emt 0:03:18] [#] Black cannot hold the game after this.} (35... Qxd4+ 36. Rxd4 Ne3 37. Re1) (35... a5 $16) 36. Rxf7 $1 Qxd4+ (36... Rxf7 $2 {loses.} 37. Bxf7+ Kh7 38. Qxe3 Nxe3 39. Rd6 $18) 37. Rxd4 Rxf7 {[%emt 0:00:04] [#]} 38. Rd7 $1 Rxc5 {[%emt 0:00:11] And now ...Rc1+ would win.} ({Don't blunder} 38... Rcf8 $2 39. c6 (39. Bxf7+ Rxf7 40. c6 Rf1+ 41. Kb2 Ne3 $18) 39... Kh7 40. Bxf7 $18) 39. Rxf7 {[%emt 0:00:43][%mdl 4096] Endgame. KRB-KRN} Kh7 40. Kb2 Ne3 (40... Ne1 $142) 41. h3 a5 42. Rf3 Nc4+ 43. Kc3 Nb6+ 44. Kd4 {[%emt 0:00:00] White is clearly winning.} Rb5 45. e5 {[%emt 0:00:00] Strongly threatening e6.} a4 46. Be6 {[%emt 0:00:00] Weighted Error Value: White=0.06 (flawless) /Black=0.24 (precise) .  Mistake:       	White=1     	Black=4      Inaccurate:     	White=1     	---        OK:         	White=16    	Black=13     Best:        	White=6     	Black=4      Strong:       	White=2     	Black=2} 1-0

[Event "45th FIDE Olympiad 2024"]
[Site "Budapest"]
[Date "2024.09.18"]
[Round "7.25"]
[White "Liyanage, Ranindu Dilshan"]
[Black "Bodin-Hullin, Thomas"]
[Result "1-0"]
[WhiteElo "2366"]
[BlackElo "1855"]
[PlyCount "77"]
[EventDate "2024.09.05"]
[EventType "team-tourn"]
[EventCountry "HUN"]
[WhiteTeam "Sri Lanka"]
[BlackTeam "Senegal"]
[WhiteTeamCountry "SRI"]
[BlackTeamCountry "SEN"]
[TimeControl "40/5400+30:1800+30"]

1. Nf3 c5 2. b3 d5 3. e3 Nc6 4. Bb2 Nf6 5. Bb5 Bg4 6. h3 Bh5 7. g4 Bg6 8. Ne5 Qc7 9. Bxc6+ bxc6 10. d3 e6 11. Nd2 Nd7 12. Nxd7 Qxd7 13. Qe2 f6 14. f4 Bd6 15. Nf3 Qc7 16. h4 h5 17. g5 e5 18. gxf6 gxf6 19. fxe5 fxe5 20. Qg2 Rg8 21. Qh3 Qe7 22. Rg1 Kd8 23. Rg5 d4 24. e4 Kc7 25. O-O-O Bf7 26. Rxg8 Rxg8 27. Ng5 Rxg5 28. hxg5 Qxg5+ 29. Kb1 Qg4 30. Qxg4 hxg4 31. Bc1 Be7 32. Bd2 Kd7 33. Rf1 Ke6 34. Be1 Bg5 35. Bg3 Bg6 36. Kb2 Bf4 37. Bxf4 exf4 38. Rxf4 Bh5 39. Rf5 1-0

[Event "45th FIDE Olympiad 2024"]
[Site "Budapest"]
[Date "2024.09.18"]
[Round "7.26"]
[White "Paichadze, Luka"]
[Black "Bacrot, Etienne"]
[Result "1-0"]
[ECO "B22"]
[WhiteElo "2516"]
[BlackElo "2665"]
[Annotator "TA"]
[PlyCount "131"]
[EventDate "2024.09.05"]
[EventType "team-tourn"]
[EventCountry "HUN"]
[SourceTitle "playchess.com"]
[Source "ChessBase"]
[SourceQuality "1"]
[WhiteTeam "Georgia"]
[BlackTeam "France"]
[WhiteTeamCountry "GEO"]
[BlackTeamCountry "FRA"]
[TimeControl "40/5400+30:1800+30"]

1. e4 c5 2. c3 d5 3. exd5 Qxd5 4. d4 Nf6 5. Nf3 e6 6. Na3 a6 7. Nc4 Nbd7 8. Be2 b5 9. Ne3 Qc6 10. a4 Bb7 11. axb5 axb5 12. Rxa8+ Bxa8 13. O-O Be7 14. dxc5 Qxc5 15. Bd2 O-O 16. b4 Qb6 17. Nd4 Bxb4 18. Nxe6 Qxe6 19. cxb4 Ne5 20. Bc3 Nc4 21. Bxc4 bxc4 22. Qd4 Qe4 23. Ra1 Qxd4 24. Bxd4 Nd5 25. Nxc4 (25. Bc5 $16 Rb8 26. Nxc4) 25... Nxb4 $11 26. Bc5 Nc2 27. Ra2 Re8 (27... Rb8 $11 {keeps the balance.} 28. h3 (28. Rxc2 $2 {is a self mate.} Rb1+) 28... Nb4) 28. f3 $1 $16 (28. Rxc2 $2 Re1#) 28... Ne1 29. Ra3 Bd5 30. Ne3 Nxf3+ 31. gxf3 Bxf3 32. Nf5 Bg4 33. Nd6 Rd8 34. Bb6 Rb8 35. Bc7 Rf8 36. Kf2 Be6 37. Ke3 h6 38. Kd4 g5 (38... Kh7 $16) 39. Ke5 $18 Kg7 40. Ra6 $1 Kg6 $2 (40... Rg8 41. Nf5+ Kh7) 41. Nxf7 $1 $18 Rxf7 42. Rxe6+ Kh5 43. Bd6 Rf2 44. Kd5 Rd2+ 45. Kc6 Rd3 46. Rf6 Rh3 47. Kd5 Kg4 48. Ke4 h5 49. Rf1 h4 50. Rg1+ Kh5 51. Rb1 (51. Be5 $1 $18 {and the rest is easy. Strongly threatening Rg2.} Kh6 52. Bf6) 51... Rc3 $16 52. Rg1 Rh3 $1 53. Be5 Ra3 $2 (53... Kh6 $16 {was worth a try.} 54. Kf5 Rf3+ 55. Kg4 Rf2) 54. Rg2 $2 (54. Bd4 $18 {Be3 would now be deadly.} Rh3 55. Be3) 54... Rb3 $2 {[%emt 0:00:00][%mdl 8192] [#]} (54... Rh3 $16 55. Bf6 g4) 55. Bd6 $2 (55. Bf6 $1 $18) 55... Rb5 56. Be5 $2 (56. Be7 $16) 56... Rb3 $18 {[%emt 0:00:10] [#]} 57. Bf6 $1 Rb5 58. Bd4 Rb4 $2 (58... h3 59. Rg3 Rb4 60. Rxh3+ Kg4 61. Rg3+ Kh5) 59. h3 $18 Ra4 60. Rg4 Kg6 61. Kf3 Ra5 62. Re4 Kf5 63. Re8 (63. Be3 $142 Ra3 64. Rc4) 63... Ra2 64. Re5+ Kg6 65. Be3 Rh2 66. Rxg5+ 1-0

[Event "45th FIDE Olympiad 2024"]
[Site "Budapest"]
[Date "2024.09.18"]
[Round "7.26"]
[White "Lesbros, Bernard"]
[Black "Amarathunga, Kosala Sandeepa Cham"]
[Result "0-1"]
[WhiteElo "1938"]
[BlackElo "1956"]
[PlyCount "77"]
[EventDate "2024.09.05"]
[EventType "team-tourn"]
[EventCountry "HUN"]
[WhiteTeam "Senegal"]
[BlackTeam "Sri Lanka"]
[WhiteTeamCountry "SEN"]
[BlackTeamCountry "SRI"]
[TimeControl "40/5400+30:1800+30"]

1. Nf3 Nf6 2. c4 e6 3. g3 d5 4. Bg2 dxc4 5. Na3 Be7 6. O-O a6 7. Nxc4 c5 8. d4 b5 9. Nce5 O-O 10. a4 Bb7 11. axb5 axb5 12. Rxa8 Bxa8 13. Qb3 Qb6 14. dxc5 Bxc5 15. Nd3 Bd5 16. Qc2 Be7 17. Be3 Qb7 18. Rc1 Na6 19. Nfe1 h6 20. Nf4 Nb4 21. Qc7 Qxc7 22. Rxc7 Bd6 23. Nxd5 Nbxd5 24. Rc6 Nxe3 25. fxe3 Rd8 26. Bf3 e5 27. Nc2 e4 28. Bg2 Be5 29. Nd4 Bxd4 30. exd4 Rxd4 31. Rb6 Rb4 32. Kf2 Rxb2 33. Rb8+ Kh7 34. Rb7 Ng4+ 35. Ke1 f5 36. h3 Ne3 37. Bh1 Rb1+ 38. Kf2 Nd1+ 39. Kg2 {0-} 0-1

[Event "45th FIDE Olympiad 2024"]
[Site "Budapest"]
[Date "2024.09.18"]
[Round "7.27"]
[White "Maurizzi, Marc`andria"]
[Black "Jobava, Baadur"]
[Result "1/2-1/2"]
[ECO "D94"]
[WhiteElo "2595"]
[BlackElo "2582"]
[Annotator "TA"]
[PlyCount "139"]
[EventDate "2024.09.05"]
[EventType "team-tourn"]
[EventCountry "HUN"]
[SourceTitle "playchess.com"]
[Source "ChessBase"]
[SourceQuality "1"]
[WhiteTeam "France"]
[BlackTeam "Georgia"]
[WhiteTeamCountry "FRA"]
[BlackTeamCountry "GEO"]
[TimeControl "40/5400+30:1800+30"]

1. Nf3 Nf6 2. c4 c6 3. Nc3 d5 4. e3 g6 5. d4 Bg7 6. Be2 O-O 7. O-O Nbd7 8. cxd5 Nxd5 9. Nxd5 cxd5 10. Bd2 e5 11. dxe5 {[%emt 0:04:48] D94: Grünfeld: 4 Nf3 Bg7 5 e3.} Nxe5 12. Nd4 Nc4 $146 ({Predecessor:} 12... a6 13. Rc1 Be6 14. Qb3 Qd7 15. Rfd1 Rfc8 16. Rxc8+ Rxc8 17. Bc3 Qe7 18. Nxe6 fxe6 {½-½ Paluch,L (1988)-Tropp,L (1924) SVK-chT2D 0910 2009 (9.5)}) 13. Bc3 Bd7 14. Qb3 b5 15. Nf3 Bxc3 16. Qxc3 Qe7 17. Rac1 Rfc8 18. b3 Nd6 19. Qa5 Bg4 20. Qb4 Bxf3 21. Bxf3 Qe5 22. Rcd1 Ne4 23. Rxd5 Qxd5 24. Bxe4 a5 25. Bxd5 axb4 26. Bxa8 Rxa8 27. Ra1 h5 28. h4 Kf8 29. Rd1 Rxa2 30. Rd4 Ke7 31. Rxb4 Ra5 32. Kh2 Kd6 33. Kg3 Kc6 34. Rf4 Ra7 35. Rd4 Ra3 36. b4 $1 Ra2 (36... Rc3 $16 {might work better.}) 37. e4 f6 38. Rd8 ({White should try} 38. Kf3 $16) 38... Rb2 $11 39. Rf8 Rxb4 40. Rxf6+ Kc5 41. f3 Rd4 42. Rxg6 b4 43. Ra6 b3 44. Ra1 b2 45. Rb1 Rd2 46. Kf4 Rxg2 47. Ke5 Kc6 48. Ke6 Kc7 $1 49. f4 Rg4 $2 (49... Kd8 $11) 50. Kf5 $2 (50. Rxb2 $18 {Kf5 would now be deadly.} Rxf4 51. e5) 50... Rg2 $11 51. Kf6 Rg4 $2 (51... Kd7 $11) 52. f5 $1 (52. Rxb2 Rxf4+ 53. Ke5 Rxh4 $11) 52... Rxe4 53. Rxb2 Rxh4 {[%emt 0:00:05] [#]} 54. Kg6 $1 Rf4 55. f6 (55. Kxh5 Rxf5+ 56. Kg4 Rc5 $11) 55... h4 {[%emt 0:01:11] [#]} 56. f7 $1 Rf1 57. Rb4 $2 (57. Re2 {mates} h3 58. Kg7 Rg1+ 59. Kf6 Rf1+ 60. Ke7 h2 61. Rc2+ (61. f8=R $2 h1=Q $19) (61. f8=Q Rxf8 62. Rc2+ Kb7 $11) (61. Rxh2 Re1+ 62. Kf6 Rf1+ 63. Kg7 Rg1+ 64. Kh8 Rf1 $18) 61... Kb6 62. Rxh2 (62. f8=B h1=Q 63. Rb2+ Kc6 64. Rc2+ Kb5 65. Rb2+ Kc4 66. Rc2+ Kd3 67. Ke6 Rxf8 68. Ke7 Qh6) (62. f8=Q Rxf8 63. Rxh2 Rf1 $11)) 57... h3 $11 58. Rh4 (58. Rb1 $5 Rf2 $8 (58... Rxb1 $2 59. f8=Q $18) 59. Re1 $11 (59. Kg7 Rg2+ 60. Kh7 Rf2 $11)) 58... Rg1+ $1 59. Kh7 (59. Kh5 $5 Rf1 $8 60. Kg6 (60. Rxh3 Rxf7 61. Kg4 Rf6 $11) 60... Rg1+ 61. Kh7 $11) 59... Rf1 60. Kg8 (60. Kg7 $5 Rg1+ $8 61. Kh7 $11) 60... Rg1+ 61. Kf8 (61. Kh7 $5 Rf1 $8 62. Kg7 (62. Rxh3 Rxf7+ 63. Kg6 Rf1 $11) 62... Rg1+ 63. Kh8 $11) 61... Rg3 62. Ke7 Re3+ 63. Kf6 Rf3+ 64. Ke6 (64. Kg7 $5 Rg3+ $8 65. Kf6 Rf3+ 66. Kg7 Rg3+ 67. Kh7 $11) 64... Re3+ $1 65. Kf5 Rf3+ 66. Kg6 (66. Ke6 $5 Re3+ $8 67. Kf6 Rf3+ 68. Kg7 Rg3+ 69. Kh8 $11) 66... Rg3+ $1 67. Kf5 (67. Kh7 $5 Rf3 $8 68. Kg7 Rg3+ 69. Kf6 Rf3+ 70. Ke6 (70. Kg7 Rg3+ 71. Kh8 Rf3 $11) 70... Re3+ 71. Kf6 Rf3+ $11) 67... Rf3+ 68. Rf4 (68. Ke6 $5 Re3+ $8 69. Kd5 $11 (69. Kf6 Rf3+ 70. Kg7 Rg3+ 71. Kh7 Rf3 $11)) 68... Rxf4+ 69. Kxf4 h2 70. f8=Q 1/2-1/2

[Event "45th FIDE Olympiad 2024"]
[Site "Budapest"]
[Date "2024.09.18"]
[Round "7.27"]
[White "Kodithuwakku, K K Dinujaya"]
[Black "Marochkina, Nadezhda Valerevna"]
[Result "1-0"]
[WhiteElo "1827"]
[BlackElo "1792"]
[PlyCount "89"]
[EventDate "2024.09.05"]
[EventType "team-tourn"]
[EventCountry "HUN"]
[WhiteTeam "Sri Lanka"]
[BlackTeam "Senegal"]
[WhiteTeamCountry "SRI"]
[BlackTeamCountry "SEN"]
[TimeControl "40/5400+30:1800+30"]

1. d4 d5 2. Nc3 Nf6 3. Bf4 c6 4. e3 Bg4 5. f3 Bf5 6. g4 Bg6 7. h4 h6 8. Bd3 Bxd3 9. Qxd3 e6 10. Nge2 Nbd7 11. O-O-O Nb6 12. b3 Bd6 13. Kb1 Ba3 14. g5 Nh5 15. gxh6 g6 16. Bg5 Qc7 17. Nf4 Bf8 18. Nxh5 gxh5 19. Rde1 Bxh6 20. Bf6 Rg8 21. Qh7 Rg6 22. Be5 Qe7 23. Rhg1 Qxh4 24. Kb2 Bxe3 25. Rh1 Qf2 26. Nd1 Bxd4+ 27. Kc1 Qxf3 28. Bxd4 Qf4+ 29. Be3 Qf6 30. Kb1 Rg7 31. Qxh5 O-O-O 32. Rhf1 Qe7 33. Qe5 Rg2 34. Bf4 Na8 35. Ne3 Rg6 36. Nf5 Qc5 37. Qb8+ Kd7 38. Qxb7+ Ke8 39. Bd6 Rd7 40. Qxa8+ Rd8 41. Qb7 Rd7 42. Qc8+ Rd8 43. Rxe6+ fxe6 44. Ng7+ Rxg7 45. Rf8# 1-0

[Event "45th FIDE Olympiad 2024"]
[Site "Budapest"]
[Date "2024.09.18"]
[Round "7.28"]
[White "Pantsulaia, Levan"]
[Black "Fressinet, Laurent"]
[Result "1/2-1/2"]
[ECO "A13"]
[WhiteElo "2516"]
[BlackElo "2616"]
[Annotator "TA"]
[PlyCount "70"]
[EventDate "2024.09.05"]
[EventType "team-tourn"]
[EventCountry "HUN"]
[SourceTitle "playchess.com"]
[Source "ChessBase"]
[SourceQuality "1"]
[WhiteTeam "Georgia"]
[BlackTeam "France"]
[WhiteTeamCountry "GEO"]
[BlackTeamCountry "FRA"]
[TimeControl "40/5400+30:1800+30"]

1. Nf3 d5 2. g3 Nf6 3. Bg2 e6 4. O-O c5 5. c4 d4 6. e3 Nc6 7. exd4 cxd4 8. d3 Bd6 9. Bg5 O-O 10. Nbd2 Be7 11. a3 a5 12. Bxf6 Bxf6 13. c5 Be7 14. Rc1 Bd7 15. Re1 Qc7 16. Ne4 Rac8 17. Qb3 Rfd8 18. Qb6 Be8 19. Rc4 Qxb6 20. cxb6 Ra8 21. Nc5 {[%emt 0:07:49] Repels Ra6} Bxc5 22. Rxc5 Ra6 23. Nd2 Rxb6 24. Nc4 Rb3 25. Rd1 a4 26. Rd2 Kf8 27. Bf3 Nb8 28. Na5 b6 29. Nxb3 bxc5 30. Nxc5 Rc8 (30... Nd7 $15 31. Na6 (31. Nxa4 $2 Ne5 $19) 31... Ne5) 31. b4 $2 (31. Rc2 $14 {was the only good move.} Ke7 32. Bd1) 31... axb3 $17 32. Nxb3 {[%emt 0:00:05] [#]} Rc3 (32... e5 $1 $17 33. Be4 Rc3) 33. Nxd4 $11 {[%emt 0:00:06] The position is equal.} Rxa3 34. Rb2 Nd7 (34... Rxd3 $2 {loses.} 35. Rxb8 Rxd4 36. Bc6 $18) 35. Rb3 Rxb3 {[%emt 0:00:49] Weighted Error Value: White=0.17 (very precise) /Black=0.15 (very precise) .  Mistake:       	White=1     	Black=2      Inaccurate:     	---       	Black=1      OK:         	White=9     	Black=15     Best:        	White=3     	Black=2} 1/2-1/2